 Dungeon Crawl Stone Soup version 0.31.0-32-g396128a36d (webtiles) character file.

Game seed: 2375608704063713992

16 PaiMei the Grave Robber (level 2, -1/19 HPs)
             Began as a Demonspawn Necromancer on Apr 10, 2024.
             Slain by a gnoll
             ... wielding a +0 spear
              (4 damage)
             ... on level 1 of the Dungeon.
             The game lasted 00:00:56 (687 turns).

PaiMei the Grave Robber (Demonspawn Necromancer)     Turns: 687, Time: 00:00:57

Health: -1/19      AC:  3    Str:  8    XL:     2   Next: 41%
Magic:  0/5        EV: 12    Int: 15    God:
Gold:   38         SH:  0    Dex: 13    Spells: 4/5 levels left

rFire   . . .        d - +0 dagger
rCold   . . .        (no shield)
rNeg    . . .        a - +0 robe
rPois   .            g - +0 helmet
rElec   .            (no cloak)
rCorr   .            (no gloves)
SInv    .            (no boots)
Will    .....        (no amulet)
Stlth   ++           (no ring)
HPRegen 0.23/turn    (no ring)
MPRegen 0.09/turn

%: no passive effects
@: no status effects
A: powered by pain 1
a: no special abilities


You were on level 1 of the Dungeon.
You visited 1 branch of the dungeon, and saw 1 of its levels.

You collected 38 gold pieces.

Inventory:

Hand Weapons
 d - a +0 dagger (weapon)
Armour
 a - a +0 robe (worn)
 f - an orb of light
 g - a +0 helmet (worn)
Jewellery
 i - a +6 ring of dexterity
Scrolls
 c - 2 scrolls of amnesia {unknown}
 h - a scroll of identify {unknown}
Potions
 b - a potion of magic
 e - a potion of might {unknown}


   Skills:
 + Level 2.1 Dodging
 + Level 2.1 Stealth
 + Level 2.2 Spellcasting
 + Level 4.5 Necromancy


You had 4 spell levels left.
You knew the following spells:

 Your Spells              Type           Power      Damage    Failure   Level
a - Necrotise             Necr           60%        1d7       3%          1

Your spell library contained the following spells:

 Spells                   Type           Power      Damage    Failure   Level
 Vampiric Draining        Necr           15%        2d7       10%         3
 Animate Dead             Necr           15%        N/A       32%         4
 Curse of Agony           Necr           15%        N/A       67%         5


Dungeon Overview and Level Annotations

Branches:
Dungeon (1/15)

Altars:


Innate Abilities, Weirdness & Mutations

You sometimes gain a little power by taking damage.


Message History

The gnoll barely resists.
The gnoll barely misses you.
Casting: Necrotise (safe; 3% risk of failure)
Confirm with . or Enter, or press ? or * to list all spells.
You don't have enough magic to cast this spell.
Casting: Necrotise (safe; 3% risk of failure)
Confirm with . or Enter, or press ? or * to list all spells.
You don't have enough magic to cast this spell.
Casting: Necrotise (safe; 3% risk of failure)
Confirm with . or Enter, or press ? or * to list all spells.
You don't have enough magic to cast this spell.
The gnoll hits you but does no damage.
You hit the gnoll but do no damage.
The gnoll is severely wounded.
The gnoll hits you with a +0 spear!
You hit the gnoll but do no damage.
The gnoll is severely wounded.
The gnoll hits you with a +0 spear.
You closely miss the gnoll.
The gnoll is severely wounded.
The gnoll barely misses you.
Casting: Necrotise (safe; 3% risk of failure)
Confirm with . or Enter, or press ? or * to list all spells.
You don't have enough magic to cast this spell.
The gnoll closely misses you.
Your magical contamination has completely faded away.
Casting: Necrotise (safe; 3% risk of failure)
Confirm with . or Enter, or press ? or * to list all spells.
Aiming: Necrotise (safe; 3% risk of failure)
Press: ? - help, Shift-Dir - straight line, f/p - gnoll
Aim: a gnoll, wielding a +0 spear (severely wounded, chance to affect: 79%)
The gnoll writhes in agony.
The gnoll hits you from afar with a +0 spear.
* * * LOW HITPOINT WARNING * * *
Casting: Necrotise (safe; 3% risk of failure)
Confirm with . or Enter, or press ? or * to list all spells.
You don't have enough magic to cast this spell.
The gnoll attacks as it pursues you! The gnoll misses you.
The gnoll attacks as it pursues you!
The gnoll hits you from afar with a +0 spear.
You die...

############.### #...# ###.#
#.# #.# ##############.#
....).........># ######
##############.#######....##
.........@.g........#
#######.#######.##.##
....(.........#.#
########..###.#.# ≈≈≈≈≈≈≈.#
#.# # #######≈.# #.#
####8####8...<#≈.# #.#
+.......'.....#≈.# #.#
##8#+#8##8...8#≈.# #.#


You could see a gnoll.

Vanquished Creatures
  A dart slug (D:1)
  2 endoplasms (D:1)
  3 goblins (D:1)
  2 hobgoblins (D:1)
  A quokka (D:1)
  A ball python (D:1)
  2 bats (D:1)
12 creatures vanquished.

Notes
Turn   | Place    | Note
-------+----------+-------------------------------------------
     0 | D:1      | PaiMei the Demonspawn Necromancer began the quest for the
                  | Orb.
     0 | D:1      | Reached XP level 1. HP: 13/13 MP: 3/3
   225 | D:1      | Gained mutation: You sometimes gain a little power by
                  | taking damage. [demonic ancestry]
   225 | D:1      | Reached XP level 2. HP: 18/19 MP: 1/5
   687 | D:1      | Slain by a gnoll

Illustrated notes

Levels and vault maps discovered:
D:1:      saegor_arrival_fortress, layout_basic

Skill      XL: |  1 |
---------------+----+-----
Stealth        | 2 |  2.1
Dodging        | 2 |  2.1
Spellcasting   | |  2.2
Necromancy     | |  4.5

Action                     || total
---------------------------++-------
  Melee: Dagger            ||    18
   Cast: Necrotise         ||    27
 Armour: Robe              ||    17
  Dodge: Dodged            ||    23
